 Dungeon Crawl Stone Soup version 0.31-a0-728-g01b46875f1 (webtiles) character file.

Game seed: 12392018125323083127

11 Nick1 the Chopper (level 2, -1/29 HPs)
             Began as a Troll Chaos Knight on Sept 11, 2023.
             Was a Plaything of Xom.
             Slain by a harpy (shapeshifter) (9 damage)
             ... on level 1 of the Dungeon.
             The game lasted 00:03:28 (226 turns).

Nick1 the Chopper (Troll Chaos Knight)               Turns: 226, Time: 00:03:28

Health: -1/29      AC:  7    Str: 19    XL:     2   Next: 17%
Magic:  1/1        EV: 10    Int:  8    God:    Xom [..*...]
Gold:   35         SH:  0    Dex:  9    Spells: 1/1 levels left

rFire   . . .        a - +0 hand axe (chaos)
rCold   + . .        (no shield)
rNeg    . . .        b - +2 robe
rPois   .            (helmet restricted)
rElec   .            h - +0 cloak
rCorr   .            (gloves unavailable)
SInv    .            (boots unavailable)
Will    .....        (no amulet)
Stlth   +            e - ring of protection from cold
HPRegen 1.04/turn    (no ring)
MPRegen 0.07/turn

%: no passive effects
@: brilliant
A: large, unfitting armour, claws 3, regeneration 1, shaggy fur 1, tough skin 1
a: Renounce Religion


You were on level 1 of the Dungeon.
You worshipped Xom.
You were a toy of Xom.
You visited 1 branch of the dungeon, and saw 1 of its levels.

You collected 35 gold pieces.

Inventory:

Hand Weapons
 a - a +0 hand axe of chaos (weapon)
Armour
 b - a +2 robe (worn)
 h - a +0 cloak (worn)
Jewellery
 e - a ring of protection from cold (left claw)
Scrolls
 c - a scroll of butterflies
 d - a scroll of identify {unknown}
 f - a scroll of immolation {unknown}
Potions
 g - a potion of curing {unknown}


   Skills:
 * Level 2.6 Fighting
 * Level 2.7 Axes
 * Level 0.2 Armour
 + Level 2.0 Dodging


You had one spell level left.
You didn't know any spells.
Your spell library was empty.

Dungeon Overview and Level Annotations

Branches:
Dungeon (1/15)

Altars:


Innate Abilities, Weirdness & Mutations

You are too large for most types of armour.
You have claws for hands.
Your natural rate of healing is unusually fast.
You are covered in fur. (AC +1)
You have tough skin. (AC +1)


Message History

You see here a quokka corpse.
A hobgoblin comes into view.
The hobgoblin shouts!
Xom's attention almost turns to you for a moment.
You do an impromptu tapdance.
The hobgoblin attacks as it pursues you!
The hobgoblin misses you.
You barely miss the hobgoblin.
The hobgoblin hits you but does no damage.
You hit the hobgoblin.
The hobgoblin changes into a shapeshifter!
The shapeshifter is lightly wounded.
The shapeshifter changes into a harpy!
You barely miss the harpy. "Go forth and cause havoc, mortal!"
You feel clever all of a sudden. The harpy barely misses you.
The harpy closely misses you. The harpy claws you. The harpy claws you!
You barely miss the harpy. The harpy claws you!
* * * LOW HITPOINT WARNING * * *
A shower of butterflies erupts from you!
The harpy barely misses you.
The harpy closely misses your butterfly.
The harpy claws your butterfly!
Your butterfly dies!
Your butterfly disappears in a puff of smoke!
You slash the harpy! You burn the harpy.
The harpy is moderately wounded.
The harpy closely misses you. The harpy claws you.
* * * LOW HITPOINT WARNING * * *
You slash the harpy!
The harpy is heavily wounded.
The harpy claws you.
* * * LOW HITPOINT WARNING * * *
The harpy claws you but does no damage.
You slash the harpy!
The harpy is severely wounded.
The harpy claws you but does no damage. The harpy claws you!
You die...
Xom giggles madly!

#### ... #############.####
#.................
#...........#.###
.##...........#.#
#.............@H.......#
#......###....b......#######
#......###...........# #....
#.......############.##..#
#. #.......## #.....# #.
#..).....##### #.....# #.
#............# #.....# #.
##............######.....#
#.
##...........[............#
#.


You could see a harpy shaped shifter (ally target).

Vanquished Creatures
  2 bats (D:1)
  2 hobgoblins (D:1)
  2 jackals (D:1)
  2 quokkas (D:1)
  2 rats (D:1)
10 creatures vanquished.

Notes
Turn   | Place    | Note
-------+----------+-------------------------------------------
     0 | D:1      | Nick1 the Troll Chaos Knight began the quest for the Orb.
     0 | D:1      | Reached XP level 1. HP: 22/22 MP: 0/0
    68 | D:1      | Reached XP level 2. HP: 27/29 MP: 1/1
   109 | D:1      | XOM: noise
   216 | D:1      | XOM: silly message
   220 | D:1      | a hobgoblin changed into a shapeshifter
   220 | D:1      | Noticed a shapeshifter (shapeshifter)
   220 | D:1      | a shapeshifter changed into a harpy
   220 | D:1      | Noticed a harpy (shapeshifter)
   221 | D:1      | XOM: potion effect (brilliance)
   223 | D:1      | XOM: butterfly on damage
   226 | D:1      | Slain by a harpy (shapeshifter)

Illustrated notes

Levels and vault maps discovered:
D:1:      dpeg_arrival_arbitrary_c, layout_basic

Skill      XL: |  1 |
---------------+----+-----
Dodging        | 2 |  2.0
Fighting       | |  2.6
Axes           | |  2.7
Armour         | |  0.2

Action                     || total
---------------------------++-------
  Melee: Hand axe          ||    37
 Armour: Robe              ||    35
  Dodge: Dodged            ||    22

Table legend: (Time is in decaauts)
 A = Elapsed time spent in this place.
 B = Non-inter-level travel time spent in this place.
 C = Inter-level travel time spent in this place.
 D = Time resting spent in this place.
 E = Time spent auto-exploring this place.
 F = Levels seen in this place.
 G = Mean time per level.
                   A        B        C        D        E       F      G
               +--------+--------+--------+--------+--------+-----+--------+
         Total |    231 |    231 |      0 |      0 |    109 |   1 |  231.0 |
       Dungeon |    231 |    231 |      0 |      0 |    109 |   1 |  231.0 |
               +--------+--------+--------+--------+--------+-----+--------+

Top non-repeatable levels by time:
     D:1: 231 daAuts
